 Dungeon Crawl Stone Soup version 0.25.1-8-g42b30a86e7 (webtiles) character file.

Game seed: 13065651239519231872

1002 Clowwww the Chopper (level 8, 39/60 (61) HPs)
             Began as a Demonspawn Fighter on Dec 26, 2020.
             Was an Initiate of Trog.
             Quit the game on level 5 of the Dungeon.
             The game lasted 00:06:56 (5594 turns).

Clowwww the Chopper (Demonspawn Fighter)            Turns: 5594, Time: 00:06:56

HP:   39/60 (61)    AC: 10    Str: 20    XL:     8   Next: 0%
MP:   8/8           EV:  8    Int:  9    God:    Trog [......]
Gold: 344           SH:  9    Dex: 12    Spells: 7/7 levels left

rFire    . . .     SeeInvis .   a - +0 war axe
rCold    . . .     Gourm    .   c - +0 kite shield
rNeg     . . .     Faith    .   b - +0 scale mail
rPois    +         Spirit   .   (helmet restricted)
rElec    .         Reflect  .   n - +2 cloak {rPois}
rCorr    .         Harm     .   (no gloves)
MR       .....                  (no boots)
Stlth    ..........             (no amulet)
HPRegen  0.20/turn              (no ring)
MPRegen  0.11/turn              (no ring)

@: no status effects
A: antennae 1, hooves 1, powered by pain 1
a: Renounce Religion


You were on level 5 of the Dungeon.
You worshipped Trog.
Trog was noncommittal.
You were not hungry.

You visited 2 branches of the dungeon, and saw 6 of its levels.

You collected 344 gold pieces.

Inventory:

Hand Weapons
 a - a +0 war axe (weapon)
Missiles
 o - 9 boomerangs (quivered)
Armour
 b - a +0 scale mail (worn)
 c - a +0 kite shield (worn)
 n - a +2 cloak of poison resistance (worn)
Jewellery
 g - an uncursed ring of fire {unknown}
Wands
 d - a wand of flame (23)
 y - a wand of random effects (12)
Scrolls
 e - 5 scrolls of identify {unknown}
 i - a scroll of fear {unknown}
 k - a scroll of random uselessness {unknown}
 l - a scroll of immolation {unknown}
 p - a scroll of blinking {unknown}
 t - a scroll of teleportation {unknown}
 v - 2 scrolls of enchant armour {unknown}
 w - a scroll of magic mapping {unknown}
 x - a scroll of remove curse {unknown}
Potions
 h - 2 potions of brilliance {unknown}
 j - a potion of berserk rage {unknown}
 m - a potion of heal wounds {unknown}
 q - 3 potions of degeneration {unknown}
 r - a potion of ambrosia {unknown}
 s - a potion of lignification {unknown}
 u - a potion of curing {unknown}
Comestibles
 f - 8 rations
 z - a chunk of flesh


   Skills:
 + Level 4.4 Fighting
 + Level 5.9 Axes
 + Level 0.7 Throwing
 + Level 4.4 Armour
 + Level 1.8 Dodging
 + Level 0.4 Stealth
 + Level 4.2 Shields


You had 7 spell levels left.
You didn't know any spells.
Your spell library contained the following spells:

 Spells                   Type           Power        Failure   Level  Hunger
 Confusing Touch          Hex            #.......     100%        3    ####...
 Gell's Gravitas          Tloc           #.........   100%        3    ####...
 Petrify                  Tmut/Erth      #.......     100%        4    #####..
 Metabolic Englaciation   Hex/Ice        #.........   100%        5    ######.
 Yara's Violent Unravell  Hex/Tmut       #.........   100%        5    ######.


Dungeon Overview and Level Annotations

Branches:
Dungeon (5/15)             Temple (1/1) D:5

Altars:
Ashenzari
Cheibriados
Dithmenos
Elyvilon
Fedhas
Gozag
Hepliaklqana
Kikubaaqudgha
Makhleb
Nemelex Xobeh
Okawaru
Qazlal
Ru
Sif Muna
Trog
Uskayaw
Wu Jian
Xom
Yredelemnul
Zin
The Shining One


Innate Abilities, Weirdness & Mutations

You have a pair of small antennae on your head.
You have large cloven feet.
You sometimes gain a little power by taking damage.


Message History

Blork the orc is almost dead.
Blork the orc casts a spell.
Blork the orc flickers and vanishes!
Deactivating autopickup; reactivate with Ctrl-A.
You hear some strange, mumbled words.
A puff of frost appears from out of thin air!
You block the puff of frost.
You hit something. You block something's attack.
Something hits you but does no damage.
You closely miss something. Something hits you but does no damage.
You miss something. Something hits you.
You hit something. Trog accepts your kill.
Trog appreciates your killing of a magic user.
Reactivating autopickup.
You have reached level 8!
You feel stronger.
Your demonic ancestry asserts itself...
Your feet thicken and deform.
You feel a bit more experienced.
Are you sure you want to abandon this character and quit the game? (Confirm with "yes".)

###....... .#
##......... ##.#
###.......... ....##
##............ ......#
###....#......##
.......##.....#......##
.....>......##......##
........[..###......#
......)@.####......##
........####......####
.......####...........
....... ##............
.......##.............
.......##...........##
.....#.#.........####
.....#........####
#>.....###


There were no monsters in sight!

Vanquished Creatures
  Menkaure (D:5)
  A necrophage (D:5)
  2 centaurs (D:5)
  Blork the orc (D:5)
  A scorpion (D:4)
  A howler monkey (D:4)
  A crimson imp (D:5)
  An orc priest (D:5)
  3 hounds
  Crazy Yiuf (D:2)
  A bullfrog skeleton (D:4)
  Jessica (D:2)
  2 orc wizards (D:4)
  2 worker ants
  A hound skeleton (D:4)
  5 adders
  2 oozes (D:1)
  An adder skeleton (D:4)
  A dart slug (D:1)
  4 leopard geckos
  9 orcs
  8 bats
  4 giant cockroaches
  4 goblins (D:1)
  5 hobgoblins
  4 quokkas
  7 kobolds
  A leopard gecko skeleton (D:5)
  6 rats
81 creatures vanquished.

Notes
Turn   | Place    | Note
-------+----------+-------------------------------------------
     0 | D:1      | Clowwww the Demonspawn Fighter began the quest for the Orb.
     0 | D:1      | Reached XP level 1. HP: 18/18 MP: 1/1
   192 | D:1      | Gained mutation: You sometimes gain a little power by
                  | taking damage. [demonic ancestry]
   192 | D:1      | Reached XP level 2. HP: 24/24 MP: 2/2
   218 | D:1      | Reached skill level 2 in Axes
   976 | D:2      | Reached XP level 3. HP: 29/29 MP: 3/3
  1115 | D:2      | Noticed Jessica
  1118 | D:2      | Killed Jessica
  1505 | D:2      | Found a runed translucent door.
  1506 | D:2      | Noticed Crazy Yiuf
  1520 | D:2      | Killed Crazy Yiuf
  1520 | D:2      | Reached skill level 3 in Axes
  1520 | D:2      | Reached XP level 4. HP: 17/35 MP: 4/4
  2996 | D:4      | Reached XP level 5. HP: 26/41 MP: 5/5
  3402 | D:4      | Reached XP level 6. HP: 30/48 MP: 6/6
  3889 | D:4      | Reached skill level 1 in Dodging
  3992 | D:4      | Reached skill level 4 in Axes
  4162 | D:5      | Entered Level 5 of the Dungeon
  4177 | D:5      | Gained mutation: You have a pair of small antennae on your
                  | head. [demonic ancestry]
  4177 | D:5      | Reached XP level 7. HP: 35/52 MP: 7/7
  4438 | D:5      | Found a staircase to the Ecumenical Temple.
  4444 | Temple   | Entered the Ecumenical Temple
  4505 | Temple   | Became a worshipper of Trog the Wrathful
  4544 | D:5      | Reached skill level 5 in Axes
  5013 | D:5      | Noticed Menkaure
  5024 | D:5      | Killed Menkaure
  5577 | D:5      | Noticed Blork the orc
  5593 | D:5      | Killed Blork the orc
  5593 | D:5      | Gained mutation: You have large cloven feet. [demonic
                  | ancestry]
  5593 | D:5      | Reached XP level 8. HP: 38/60 MP: 8/8
  5594 | D:5      | Quit the game

Illustrated notes

Levels and vault maps discovered:
D:1:      dpeg_arrival_leaves_temple_mockup, layout_loops_cross, minmay_tripent
D:2:      layout_loops_ring, first_ration, serial_rivers,
          chequers_serial_rivers_small_3, chequers_serial_rivers_micro_a,
          chequers_serial_rivers_micro_e, chequers_serial_rivers_small_b,
          uniq_jessica, uniq_crazy_yiuf_cottage
D:3:      layout_loops_corners
D:4:      layout_basic
D:5:      layout_cave_pods, temple_green, uniq_blork_the_orc, uniq_menkaure
Temple:   nicolae_temple_the_god_donut

Skill      XL: |  1  2  3  4  5  6  7 |
---------------+----------------------+-----
Axes           | 2 3 4 5 |  5.9
Shields        | 3 4 |  4.2
Armour         | 3 4 |  4.4
Dodging        | 1 |  1.8
Fighting       | 4 |  4.4
Throwing       | |  0.7
Stealth        | |  0.4

Action                   |  1- 3 |  4- 6 |  7- 9 || total
-------------------------+-------+-------+-------++-------
Melee: War axe           |    75 |   178 |    74 ||   327
Throw: Boomerang         |       |    19 |     1 ||    20
Evoke: Wand              |     1 |       |       ||     1
  Use: Potion            |     1 |       |       ||     1
  Eat: Chunk             |     1 |    10 |     4 ||    15
Armor: Scale mail        |    29 |   114 |    31 ||   174
Dodge: Dodged            |    16 |    65 |    31 ||   112
Block: Kite shield       |    33 |   113 |    50 ||   196
